 Dungeon Crawl Stone Soup version 0.31-a0-844-gdc52ec4e09 (webtiles) character file.

Game seed: 8504857448832987881

236 Schnaeble the Shooter (level 6, -1/34 HPs)
             Began as a Kobold Hexslinger on Sept 30, 2023.
             Slain by a goblin
             ... wielding a +0 club
              (2 damage)
             ... on level 4 of the Dungeon on Oct 1, 2023.
             The game lasted 00:16:33 (2964 turns).

Schnaeble the Shooter (Kobold Hexslinger)           Turns: 2964, Time: 00:16:33

Health: -1/34      AC:  2    Str:  6    XL:     6   Next: 27%
Magic:  7/7        EV: 15    Int: 14    God:
Gold:   77         SH:  0    Dex: 19    Spells: 7/7 levels left

rFire   . . .        a - +2 sling
rCold   . . .        (no shield)
rNeg    . . .        c - +0 robe
rPois   .            (no helmet)
rElec   .            (no cloak)
rCorr   .            (no gloves)
SInv    .            (no boots)
Will    .....        f - amulet of magic regeneration
Stlth   +++          (no ring)
HPRegen 0.25/turn    (no ring)
MPRegen 0.50/turn

%: no passive effects
@: about to teleport
A: small, no large weapons, nightstalker 3
a: no special abilities


You were on level 4 of the Dungeon.
You visited 1 branch of the dungeon, and saw 4 of its levels.

You collected 182 gold pieces.
You spent 105 gold pieces at shops.

Inventory:

Hand Weapons
 a - a +2 sling (weapon)
Missiles
 i - 2 poisoned darts
Armour
 c - a +0 robe (worn)
Jewellery
 f - an amulet of magic regeneration (around neck)
Scrolls
 e - a scroll of teleportation
 g - 3 scrolls of immolation
 h - 5 scrolls of identify {unknown}
Potions
 d - a potion of curing
 j - a potion of experience {unknown}
 k - a potion of might {unknown}
 l - 2 potions of cancellation {unknown}
 m - a potion of attraction {unknown}


   Skills:
 - Level 1.1 Fighting
 * Level 7.7 Ranged Weapons
 + Level 3.0 Dodging
 + Level 1.3 Stealth
 - Level 1.1 Spellcasting
 - Level 3.0 Hexes
 - Level 1.0 Fire Magic


You had 7 spell levels left.
You didn't know any spells.
Your spell library contained the following spells:

 Spells                   Type           Power      Damage    Failure   Level
 Jinxbite                 Hex            18%        N/A       12%         2
 Sigil of Binding         Hex            9%         N/A       22%         3
 Inner Flame              Hex/Fire       6%         N/A       34%         3
 Static Discharge         Conj/Air       0%         2-2/arc   36%         2
 Cause Fear               Hex            4%         N/A       58%         4
 Dimensional Bullseye     Hex/Tloc       2%         N/A       80%         4
 Airstrike                Air            0%         2d(0-16)  95%         4
 Summon Lightning Spire   Summ/Air       0%         N/A       95%         4


Dungeon Overview and Level Annotations

Branches:
Dungeon (4/15)
 Temple: D:4-7

Altars:
Cheibriados
Kikubaaqudgha
Makhleb

Shops:
D:1 (   D:3 ?

Annotations:
D:4 Edmund, Ijyb


Innate Abilities, Weirdness & Mutations

You are small and have problems with some larger weapons.
You are completely attuned to the shadows.


Message History

Press: ? - help, Q - select action, (/) - cycle Shift-Dir - straight line, f/p - Edmund
Aim: Edmund, wielding a +2 flail of protection and wearing a +0 leather armour (64% to hit)
You shoot a sling bullet.
The sling bullet hits Edmund but does no damage.
Fire: a) +2 sling
Press: ? - help, Q - select action, (/) - cycle Shift-Dir - straight line, f/p - Edmund
Aim: Edmund, wielding a +2 flail of protection and wearing a +0 leather armour (64% to hit)
You shoot a sling bullet. The sling bullet closely misses Edmund.
Edmund hits you with a +2 flail of protection.
As you read the scroll labelled JOAXKEIVVI, it crumbles to dust.
It is a scroll of amnesia.
You feel forgetful for a moment.
Edmund hits you with a +2 flail of protection!
Fire: a) +2 sling
Press: ? - help, Q - select action, (/) - cycle Shift-Dir - straight line, f/p - Edmund
Aim: Edmund, wielding a +2 flail of protection and wearing a +0 leather armour (64% to hit)
You shoot a sling bullet.
The sling bullet hits Edmund but does no damage.
Edmund hits you with a +2 flail of protection!
Okay, then.
As you read the scroll of teleportation, it crumbles to dust.
You feel strangely unstable.
Edmund hits you with a +2 flail of protection.
* * * LOW HITPOINT WARNING * * *
Your surroundings suddenly seem different. 6 goblins and Ijyb come into view.
Ijyb is wielding a +2 dagger of pain and carrying a wand of iceblast.
Found six items.
The goblin shouts! x3; Ijyb shouts!
The goblin shouts! x2
The goblin misses you. The goblin barely misses you.
The goblin hits you with a +0 club.
* * * LOW HITPOINT WARNING * * *
As you read the scroll of teleportation, it crumbles to dust.
You feel strangely unstable. Ijyb misses you. The goblin misses you.
The goblin hits you with a +0 club.
* * * LOW HITPOINT WARNING * * *
The goblin hits you with a +0 club.
* * * LOW HITPOINT WARNING * * *
The goblin hits you but does no damage. The goblin hits you with a +0 club.
You die...

# # ####### +[.....
#8.....8#....##.....
#....[..#....#..####
#8...$)8#....#.##
#.[.....#....#.#
#8g@g..8 ##...#
#.ggg...# #..### #
#8g.g..8#.#.########
#..|.(..#.#.#.......
#########...........
###....†....######
((............
###@.######## #..##


You could see Ijyb and 6 goblins.

Vanquished Creatures
  A phantom (D:4)
  A scorpion (D:4)
  A gnoll (D:1)
  4 adders
  An ufetubus (D:4)
  A dart slug (D:1)
  An orc (D:3)
  A bat (D:2)
  3 endoplasms
  2 giant cockroaches (D:2)
  10 goblins
  9 hobgoblins
  2 quokkas
  4 ball pythons
  8 frilled lizards
  2 kobolds
  3 rats
54 creatures vanquished.

Notes
Turn   | Place    | Note
-------+----------+-------------------------------------------
     0 | D:1      | Schnaeble the Kobold Hexslinger began the quest for the
                  | Orb.
     0 | D:1      | Reached XP level 1. HP: 12/12 MP: 2/2
    58 | D:1      | Found Pitossog's Weapon Shoppe.
   117 | D:1      | Reached skill level 3 in Ranged Weapons
   344 | D:1      | Reached XP level 2. HP: 16/16 MP: 3/3
   431 | D:1      | Reached skill level 4 in Ranged Weapons
   503 | D:1      | Reached XP level 3. HP: 20/20 MP: 4/4
  1129 | D:2      | Reached skill level 5 in Ranged Weapons
  1129 | D:2      | Reached XP level 4. HP: 6/25 MP: 5/5
  1596 | D:2      | Found an ancient bone altar of Kikubaaqudgha.
  1888 | D:3      | Reached skill level 1 in Stealth
  1934 | D:3      | Identified the +1 robe "Hiumoneepa" {Str+3 Dex+5 Archmagi}
  1980 | D:3      | Found a burning altar of Makhleb.
  2045 | D:3      | Found Corudon's Magic Scroll Boutique.
  2064 | D:3      | Bought a scroll of enchant weapon for 105 gold pieces
  2554 | D:4      | Found a snail-covered altar of Cheibriados.
  2576 | D:4      | Reached skill level 6 in Ranged Weapons
  2576 | D:4      | Reached XP level 5. HP: 29/29 MP: 6/6
  2729 | D:4      | Noticed a black bear
  2834 | D:4      | Noticed a phantom
  2856 | D:4      | Killed a phantom
  2857 | D:4      | Reached skill level 7 in Ranged Weapons
  2948 | D:4      | Reached XP level 6. HP: 33/34 MP: 7/7
  2953 | D:4      | Noticed Edmund
  2962 | D:4      | Noticed Ijyb
  2963 | D:4      | HP: 1/34 [goblin/+0 club (3)]
  2964 | D:4      | Slain by a goblin

Illustrated notes

Levels and vault maps discovered:
D:1:      psy_arrival_spokes, layout_basic, serial_shops, nicolae_diamond_shop,
          minivault_24, minmay_stone_trees_medium, minmay_quantized
D:2:      layout_loops_corners, basic_altar
D:3:      layout_loops_corners, bloody_makhleb, serial_shops, shop, uniq_robin
D:4:      kennysheep_the_goblin_king, layout_basic, amcnicky_altar_gilded,
          uniq_edmund, uniq_pikel

Skill      XL: |  1  2  3  4  5 |
---------------+----------------+-----
Ranged Weapons | 3 4 5 6 7 |  7.7
Stealth        | 1 |  1.3
Dodging        | 3 |  3.0
Fighting       | |  1.1
Spellcasting   | |  1.1
Hexes          | |  3.0
Fire Magic     | |  1.0

Action                     |  1- 3 |  4- 6 || total
---------------------------+-------+-------++-------
   Fire: Sling             |    61 |    89 ||   150
  Throw: Dart              |       |     2 ||     2
    Use: Scroll            |       |     7 ||     7
         Potion            |       |     1 ||     1
 Armour: Robe              |    11 |    21 ||    32
  Dodge: Dodged            |    19 |    34 ||    53

Table legend: (Time is in decaauts)
 A = Elapsed time spent in this place.
 B = Non-inter-level travel time spent in this place.
 C = Inter-level travel time spent in this place.
 D = Time resting spent in this place.
 E = Time spent auto-exploring this place.
 F = Levels seen in this place.
 G = Mean time per level.
                   A        B        C        D        E       F      G
               +--------+--------+--------+--------+--------+-----+--------+
         Total |   2984 |   2847 |    137 |      0 |   2360 |   4 |  746.0 |
       Dungeon |   2984 |   2847 |    137 |      0 |   2360 |   4 |  746.0 |
               +--------+--------+--------+--------+--------+-----+--------+

Top non-repeatable levels by time:
     D:1: 942 daAuts
     D:3: 850 daAuts
     D:2: 746 daAuts
     D:4: 445 daAuts
